[Event "Titled Tuesday Blitz July 4 Late 2023"]
[White "Kirillov, Dmitry"]
[Black "Daggupati, Balaji"]
[WhiteFideId "34180572"]
[BlackFideId "2090759"]
[WhiteElo "2530"]
[BlackElo "2697"]
[Result "1-0"]
[Round "4"]
[TimeControl "180+2"]
[Date "2023.07.04"]
[WhiteClock "0:00:38"]
[BlackClock "0:00:11"]
[Board "48"]

1. d4 d5 2. c4 dxc4 3. e3 b5 4. a4 c6 5. axb5 cxb5 6. Qf3 Qc7 7. Qxa8 Nc6 8. d5 Nb4 9. Rxa7 Qd8 10. Nc3 e6 11. Nxb5 Bc5 12. Nc7+ Kf8 13. Bxc4 Bxa7 14. Qxa7 exd5 15. Qc5+ Ne7 16. Be2 Bg4 17. Qxb4 Qxc7 18. Bd2 Bxe2 19. Nxe2 f6 20. O-O Kf7 21. Rc1 Qd7 22. Nd4 Ra8 23. h3 g5 24. Qb6 g4 25. Rc7 g3 26. fxg3 Qd8 27. Qe6+ Ke8 28. Rb7 Ra1+ 29. Kh2 Ra6 30. Qxa6 1-0


[Site "https://www.chess.com"]

[Event "Titled Tuesday Blitz July 4 Late 2023"]
[White "Arencibia Monduy, Antonio"]
[Black "Shuvalova, Polina"]
[WhiteFideId "3507939"]
[BlackFideId "24171760"]
[WhiteElo "2530"]
[BlackElo "2694"]
[Result "1-0"]
[Round "4"]
[TimeControl "180+2"]
[Date "2023.07.04"]
[WhiteClock "0:00:20"]
[BlackClock "0:00:03"]
[Board "49"]

1. e4 c6 2. d3 d5 3. Nd2 g6 4. g3 Bg7 5. Bg2 e5 6. Ngf3 Ne7 7. Qe2 O-O 8. O-O dxe4 9. dxe4 h6 10. Nc4 Qc7 11. Be3 Be6 12. Bc5 b6 13. Bxe7 Qxe7 14. Ncxe5 Nd7 15. Nxd7 Bxd7 16. c3 Rfe8 17. Rfe1 Rad8 18. h3 Be6 19. Qc2 a5 20. Bf1 Qc5 21. Rad1 b5 22. a3 a4 23. Rxd8 Rxd8 24. Rd1 Re8 25. Qd2 Bb3 26. Re1 h5 27. h4 Be6 28. Bg2 Bf6 29. e5 Be7 30. Nd4 Bd5 31. Bxd5 Qxd5 32. e6 Bf6 33. exf7+ Kxf7 34. Rxe8 Kxe8 35. Qe3+ Kf7 36. Nf3 c5 37. Kh2 b4 38. axb4 cxb4 39. Qa7+ Kg8 40. Nd4 Bxd4 41. cxd4 Qb3 42. Qb8+ Kf7 43. Qf4+ Ke6 44. Qe5+ Kd7 45. d5 a3 46. Qe6+ Kc7 47. d6+ Kc6 48. Qxb3 axb2 49. Qxb2 Kxd6 50. Qxb4+ Ke5 51. Qf4+ Ke6 52. Qg5 Kf7 53. Kg2 1-0


[Site "https://www.chess.com"]

[Event "Titled Tuesday Blitz July 4 Late 2023"]
[White "Papp, Levente"]
[Black "Camacho Collados, Marcos"]
[WhiteFideId "751243"]
[BlackFideId "2266237"]
[WhiteElo "2692"]
[BlackElo "2529"]
[Result "1-0"]
[Round "4"]
[TimeControl "180+2"]
[Date "2023.07.04"]
[WhiteClock "0:00:04"]
[BlackClock "0:00:00"]
[Board "50"]

1. b3 e5 2. Bb2 d6 3. c4 Nf6 4. Nf3 g6 5. g3 Bg7 6. Bg2 O-O 7. O-O Re8 8. d4 e4 9. Ne1 h5 10. h3 c5 11. dxc5 dxc5 12. Nc2 Nc6 13. Qxd8 Rxd8 14. Nc3 Bf5 15. Rad1 a6 16. Na4 Nd7 17. Bxg7 Kxg7 18. Rd6 Nde5 19. Rfd1 Rxd6 20. Rxd6 Nd7 21. Ne3 Nce5 22. g4 hxg4 23. hxg4 Be6 24. Bxe4 Nf6 25. Bxb7 Rb8 26. g5 Ne8 27. Rxa6 Rxb7 28. Nxc5 Re7 29. Nxe6+ fxe6 30. f4 Nd7 31. Rc6 Rf7 32. Rxe6 Nc7 33. Rc6 Nb8 34. Rb6 Nd7 35. Rd6 Nc5 36. Nd5 Nxd5 37. Rxd5 Ne4 38. e3 Nc3 39. Rd2 Re7 40. Rd3 Nxa2 41. Kf2 Nb4 42. Rd6 Ra7 43. Kf3 Kf7 44. Rb6 Nd3 45. b4 Ra4 46. Rb7+ Ke6 47. Rb6+ Kf7 48. Rb7+ Ke6 49. Rg7 Rxb4 50. Rxg6+ Kf7 51. Rf6+ Ke7 52. Rc6 Rb3 53. g6 Rb1 54. g7 Rg1 55. Rc7+ Kf6 56. Ke4 Nf2+ 57. Kd5 Rd1+ 58. Kc6 Rg1 59. c5 Ne4 60. Kd5 Kf5 61. Rf7+ Nf6+ 62. Kc6 Ke6 63. Rf8 Rxg7 64. Ra8 Rg3 65. Ra3 Ne4 66. Kb6 Rg6 67. c6 Kd5 68. Rd3+ Ke6 69. Rd4 Nd6 70. e4 Nc8+ 71. Kc7 Nd6 72. f5+ Nxf5 73. exf5+ Kxf5 74. Kb7 Ke5 75. Rd1 Rg2 76. c7 Rb2+ 77. Ka7 Ra2+ 78. Kb6 Rb2+ 79. Kc6 Rc2+ 80. Kd7 1-0


[Site "https://www.chess.com"]

[Event "Titled Tuesday Blitz July 4 Late 2023"]
[White "Droin, Augustin"]
[Black "Matinian, Nikita"]
[WhiteFideId "45105987"]
[BlackFideId "24129100"]
[WhiteElo "2528"]
[BlackElo "2690"]
[Result "0-1"]
[Round "4"]
[TimeControl "180+2"]
[Date "2023.07.04"]
[WhiteClock "0:00:10"]
[BlackClock "0:00:18"]
[Board "51"]

1. e4 c5 2. Nf3 e6 3. d4 cxd4 4. Nxd4 Nc6 5. Nc3 Qc7 6. Be3 a6 7. a3 Nf6 8. f4 d5 9. e5 Nd7 10. Be2 Bc5 11. Qd2 b5 12. Nxc6 Qxc6 13. Bf3 Bb7 14. Bxc5 Qxc5 15. Ne2 Rc8 16. Nd4 Nb6 17. b3 O-O 18. O-O Rc7 19. Kh1 Bc8 20. Bg4 g6 21. f5 exf5 22. Bxf5 Qc3 23. Qxc3 Rxc3 24. Bd3 Nd7 25. e6 Ne5 26. exf7+ Rxf7 27. Rxf7 Kxf7 28. Rf1+ Kg7 29. Be2 h5 30. h3 h4 31. Kg1 g5 32. Kf2 Ng6 33. Re1 Nf4 34. Bf3 Kf6 35. Re8 Ne6 36. Nxe6 Rxc2+ 37. Ke3 Bxe6 38. Ra8 Ke5 39. Rxa6 d4+ 40. Kd3 Bf5+ 0-1


[Site "https://www.chess.com"]

[Event "Titled Tuesday Blitz July 4 Late 2023"]
[White "Nasuta, Grzegorz"]
[Black "Brunner, Nicolas"]
[WhiteFideId "1141686"]
[BlackFideId "620246"]
[WhiteElo "2689"]
[BlackElo "2527"]
[Result "1-0"]
[Round "4"]
[TimeControl "180+2"]
[Date "2023.07.04"]
[WhiteClock "0:01:21"]
[BlackClock "0:01:58"]
[Board "52"]

1. e4 e5 2. Nf3 Nf6 3. d4 Nxe4 4. dxe5 d5 5. Nbd2 Nxd2 6. Bxd2 Be7 7. Bd3 h6 8. O-O Be6 9. Nd4 Bd7 10. e6 Bxe6 11. Nxe6 fxe6 12. Qh5+ Kd7 13. Rae1 Bf6 14. Bf5 Re8 15. Rxe6 Rxe6 16. Re1 c6 17. Rxe6 Kc7 18. Re8 Qd6 19. Ba5+ b6 20. Qf7+ Nd7 21. Rxa8 1-0


[Site "https://www.chess.com"]

[Event "Titled Tuesday Blitz July 4 Late 2023"]
[White "Papasimakopoulos, Alexandros"]
[Black "Bilan, Danila"]
[WhiteFideId "4244125"]
[BlackFideId "24161918"]
[WhiteElo "2685"]
[BlackElo "2522"]
[Result "1-0"]
[Round "4"]
[TimeControl "180+2"]
[Date "2023.07.04"]
[WhiteClock "0:00:35"]
[BlackClock "0:00:01"]
[Board "53"]

1. d4 d5 2. c4 c6 3. cxd5 cxd5 4. Bf4 Nf6 5. Nc3 Nc6 6. e3 a6 7. Bd3 Bg4 8. Nge2 e6 9. O-O Bd6 10. f3 Bh5 11. Rc1 O-O 12. Na4 Bg6 13. Nc5 Rb8 14. b3 Bxf4 15. Nxf4 Qa5 16. Qe2 Rfc8 17. Nxb7 Rxb7 18. Bxa6 Rbc7 19. Rc5 Qb6 20. Bxc8 Rxc8 21. Rfc1 Nd7 22. R5c3 Ndb8 23. a4 Re8 24. Qb5 Qxb5 25. axb5 Ne7 26. Rc7 h6 27. Nxg6 fxg6 28. Ra1 Kf7 29. Kf2 Rd8 30. Raa7 Re8 31. Rcb7 Kf6 32. Ra8 Rc8 33. Raxb8 Rc2+ 34. Ke1 Nf5 35. Rf8+ Kg5 36. e4 Ne3 37. g3 Ng2+ 38. Kf1 Ne3+ 39. Kg1 Rg2+ 40. Kh1 Rc2 41. h4+ Kh5 42. exd5 Rc1+ 43. Kh2 Rc2+ 44. Kg1 Rc1+ 45. Kf2 Nxd5 46. Re8 Rc2+ 47. Ke1 Ne3 48. Rxe6 Ng2+ 49. Kd1 Rb2 50. Re2 Rb1+ 51. Kc2 Ne1+ 52. Kxb1 1-0


[Site "https://www.chess.com"]

[Event "Titled Tuesday Blitz July 4 Late 2023"]
[White "benny_aizenberg"]
[Black "Novik, Maxim"]
[BlackFideId "4102924"]
[WhiteElo "2684"]
[BlackElo "2516"]
[Result "0-1"]
[Round "4"]
[TimeControl "180+2"]
[Date "2023.07.04"]
[WhiteClock "0:00:20"]
[BlackClock "0:01:03"]
[Board "54"]

1. c4 e5 2. g3 Nf6 3. Bg2 d5 4. cxd5 Nxd5 5. Nc3 Nb6 6. Nf3 Nc6 7. O-O Be7 8. d3 O-O 9. a3 Re8 10. b4 a5 11. b5 Nd4 12. Nxe5 Bf6 13. f4 Bxe5 14. fxe5 Rxe5 15. Bf4 Re8 16. h3 a4 17. Rc1 Nb3 18. Rc2 Nd4 19. Rc1 Qe7 20. Ne4 Nd5 21. Bg5 f6 22. Bd2 Be6 23. Nc5 Bf7 24. e4 Nb6 25. Nxb7 Qxa3 26. Rxc7 Qxd3 27. Nd6 Ne2+ 28. Kf2 Qxd6 29. Rc6 Qxg3+ 30. Kxe2 Qxg2+ 31. Rf2 Qxe4+ 32. Kf1 Qh1# 0-1


[Site "https://www.chess.com"]

[Event "Titled Tuesday Blitz July 4 Late 2023"]
[White "Womacka, Mathias"]
[Black "Rastbod, Ali"]
[WhiteFideId "4611390"]
[BlackFideId "12567477"]
[WhiteElo "2514"]
[BlackElo "2682"]
[Result "1-0"]
[Round "4"]
[TimeControl "180+2"]
[Date "2023.07.04"]
[WhiteClock "0:00:07"]
[BlackClock "0:00:01"]
[Board "55"]

1. e4 c6 2. d4 d5 3. Nd2 dxe4 4. Nxe4 Nf6 5. Nxf6+ exf6 6. Bc4 Bd6 7. Qe2+ Be7 8. Nf3 O-O 9. O-O Re8 10. Re1 Nd7 11. Bd2 Nf8 12. Qd3 Be6 13. a4 Qd7 14. a5 Rad8 15. Rad1 Bd6 16. Bxe6 Nxe6 17. c4 g6 18. g3 Bc7 19. Bc3 Nc5 20. dxc5 Rxe1+ 21. Nxe1 Qg4 22. Qxd8+ Bxd8 23. Rxd8+ Kg7 24. Rd6 h5 25. Bxf6+ Kh7 26. b3 g5 27. Bc3 h4 28. Rf6 Kg8 29. Nf3 h3 30. Bd2 Qe4 31. Kf1 g4 32. Ng5 Qd3+ 33. Ke1 Qb1+ 34. Ke2 Qxb3 35. Rf4 f5 36. Rxf5 Qxc4+ 37. Ke3 Qf1 38. Ne4 Qb1 39. Rg5+ Kf7 40. Rxg4 Qh1 41. Rh4 Qxh2 42. Rxh3 Qg2 43. Rh4 Ke6 44. Rf4 Kd5 45. Rf5+ Kc4 46. Rf7 Qf1 47. Rxb7 Qd3+ 48. Kf4 Qd8 49. Rb4+ Kd3 50. Rb3+ Ke2 51. Re3+ Kf1 52. g4 Qf8+ 53. Kg3 Qb8+ 54. Kh3 Qh8+ 55. Kg3 Qb8+ 56. f4 Qh8 57. Re1# 1-0


[Site "https://www.chess.com"]

[Event "Titled Tuesday Blitz July 4 Late 2023"]
[White "Rosen, Eric"]
[Black "Kanyamarala, Tarun"]
[WhiteFideId "2032562"]
[BlackFideId "45004714"]
[WhiteElo "2677"]
[BlackElo "2513"]
[Result "0-1"]
[Round "4"]
[TimeControl "180+2"]
[Date "2023.07.04"]
[WhiteClock "0:00:01"]
[BlackClock "0:00:05"]
[Board "56"]

1. d4 Nf6 2. Bf4 d5 3. e3 c5 4. Nf3 cxd4 5. exd4 Nc6 6. Nbd2 Bg4 7. c3 e6 8. Be2 Bd6 9. Bxd6 Qxd6 10. O-O O-O 11. h3 Bh5 12. Re1 Rad8 13. a4 Ne4 14. a5 f5 15. Nb3 Rf6 16. Ne5 Bxe2 17. Qxe2 f4 18. Nd2 Nxd2 19. Qxd2 Rdf8 20. Nf3 a6 21. Re2 Qc7 22. b4 Na7 23. Qd3 h6 24. Rc1 Rc8 25. Ne5 Nb5 26. Ng4 Rf7 27. Qg6 Kh8 28. Rxe6 Nxd4 29. Re5 f3 30. Rce1 Ne2+ 31. Kh1 fxg2+ 32. Kxg2 Nf4+ 33. Kh1 Nxg6 34. Re6 Nf4 35. R6e3 Qc6 36. Ne5 Qf6 37. Rf3 Qf5 38. Ng4 Qg5 39. Rg1 Rcf8 40. Rfg3 Qh4 41. Kh2 Nh5 42. Ne5 Rxf2+ 43. Kh1 Nxg3+ 44. Rxg3 Qxg3 45. Ng6+ Qxg6 0-1


[Site "https://www.chess.com"]

[Event "Titled Tuesday Blitz July 4 Late 2023"]
[White "musclemonster12"]
[Black "Czopor, Maciej"]
[BlackFideId "21805431"]
[WhiteElo "2513"]
[BlackElo "2675"]
[Result "1-0"]
[Round "4"]
[TimeControl "180+2"]
[Date "2023.07.04"]
[WhiteClock "0:00:05"]
[BlackClock "0:00:06"]
[Board "57"]

1. c4 Nf6 2. Nc3 b6 3. e4 e5 4. Nf3 Nc6 5. d4 exd4 6. Nxd4 Bb4 7. Nxc6 dxc6 8. Qxd8+ Kxd8 9. Bd2 Ke7 10. O-O-O Rd8 11. f3 Be6 12. Be2 a5 13. Kc2 Bc5 14. Bg5 h6 15. Bh4 g5 16. Bg3 Rdc8 17. h4 Nh5 18. Bh2 gxh4 19. Be5 Bf2 20. Rd2 Ng3 21. Rh2 Nxe2 22. Rxe2 Bg3 23. Bxg3 hxg3 24. Rxh6 Bxc4 25. Re3 Be6 26. f4 Rh8 27. Rxh8 Rxh8 28. f5 Bc4 29. Rxg3 Kf6 30. Kd2 Rd8+ 31. Ke3 Ke5 32. Rg7 Rd3+ 33. Kf2 Rd2+ 34. Kf3 Rxb2 35. Rg8 Kd4 36. Nd1 Be2+ 37. Kf4 Bxd1 38. Rd8+ Kc4 39. Rxd1 Rxg2 40. Rd7 f6 41. Rxc7 c5 42. Rc6 Rf2+ 43. Ke3 Rxa2 44. Rxb6 a4 45. Rxf6 a3 46. Ra6 Ra1 47. f6 a2 48. e5 Kd5 49. f7 Rf1 50. e6 a1=Q 51. Rxa1 Rxa1 52. e7 Re1+ 53. Kd2 Rxe7 54. f8=Q Re4 55. Qf7+ Kd4 56. Qg7+ Kd5 57. Qg8+ Kd4 58. Qd8+ Ke5 59. Qe8+ Kd5 60. Qd7+ Kc4 61. Qd3+ Kb4 62. Qxe4+ c4 63. Kc2 Kc5 64. Qe5+ Kc6 65. Kc3 Kb7 66. Kxc4 Kc8 1-0


[Site "https://www.chess.com"]

[Event "Titled Tuesday Blitz July 4 Late 2023"]
[White "Kavyev, Ruslan"]
[Black "Mazarini41"]
[WhiteFideId "34110981"]
[WhiteElo "2674"]
[BlackElo "2512"]
[Result "1-0"]
[Round "4"]
[TimeControl "180+2"]
[Date "2023.07.04"]
[WhiteClock "0:00:17"]
[BlackClock "0:00:00"]
[Board "58"]

1. d4 Nf6 2. c4 g6 3. Nc3 Bg7 4. e4 O-O 5. Nf3 d6 6. Be2 e5 7. O-O Nc6 8. d5 Ne7 9. b4 a5 10. bxa5 Rxa5 11. a4 Nd7 12. Ba3 h6 13. Bb4 Ra8 14. a5 f5 15. Ne1 fxe4 16. Nxe4 Nf6 17. Bd3 Bf5 18. Qc2 Bxe4 19. Bxe4 Nxe4 20. Qxe4 Rf4 21. Qe2 Nf5 22. Nc2 Qg5 23. Kh1 Rf8 24. f3 Qh4 25. Be1 Qf6 26. Bd2 Rh4 27. Be1 Nd4 28. Nxd4 Rxd4 29. Bf2 Rf4 30. Be3 Rf5 31. a6 bxa6 32. Qd3 g5 33. h3 h5 34. Qe4 Qg6 35. Rxa6 g4 36. Ra7 gxf3 37. Rxf3 Qf7 38. Rxf5 Qxf5 39. Qxf5 Rxf5 40. Rxc7 Rf1+ 41. Kh2 e4 42. Re7 Be5+ 43. Rxe5 dxe5 44. c5 Kf8 45. c6 Ke7 46. Bc5+ Kd8 47. d6 Rd1 48. Bb6+ Kc8 49. d7+ Rxd7 50. cxd7+ Kxd7 51. Kg3 Kc6 52. Ba7 Kd5 53. Bb8 Kd4 54. Ba7+ Kd3 55. Kf2 Kd2 56. Be3+ Kd3 57. g4 hxg4 58. hxg4 Kc4 59. Bg5 Kd5 60. Ke3 Kd6 61. Kxe4 Ke6 62. Bh4 1-0


[Site "https://www.chess.com"]

[Event "Titled Tuesday Blitz July 4 Late 2023"]
[White "Katz, Alexander"]
[Black "Zeltsan, Joseph"]
[WhiteFideId "2039796"]
[BlackFideId "30932980"]
[WhiteElo "2663"]
[BlackElo "2507"]
[Result "1/2-1/2"]
[Round "4"]
[TimeControl "180+2"]
[Date "2023.07.04"]
[WhiteClock "0:00:07"]
[BlackClock "0:00:16"]
[Board "59"]

1. e4 c5 2. Nf3 d6 3. d4 cxd4 4. Nxd4 Nf6 5. Nc3 a6 6. Be3 e5 7. Nb3 Be6 8. f3 Be7 9. Qd2 Nbd7 10. O-O-O O-O 11. g4 b5 12. g5 b4 13. Ne2 Ne8 14. f4 a5 15. f5 a4 16. fxe6 axb3 17. cxb3 fxe6 18. Kb1 Rxa2 19. Kxa2 Qa8+ 20. Kb1 Qxe4+ 21. Qc2 Qxh1 22. Bh3 Qf3 23. Bxe6+ Kh8 24. Bg1 Nc5 25. Bxc5 dxc5 26. Ng3 Nd6 27. Rf1 Qe3 28. Rxf8+ Bxf8 29. Nf5 Qxg5 30. Nxd6 Bxd6 31. Qd3 Qe7 32. Qd5 g6 33. h4 Kg7 34. h5 gxh5 35. Qg2+ Kh6 36. Bd5 Qg5 37. Qf1 Qf4 38. Qa6 Qf6 39. Qd3 Qg6 40. Be4 Qg1+ 41. Ka2 Qd4 42. Qf3 Be7 43. Qf5 Qd6 44. Qxh7+ Kg5 45. Qf5+ Kh6 46. Qh7+ Kg5 47. Qf5+ Kh4 48. Qf2+ Kg4 49. Qf5+ Kg3 50. Qf3+ Kh4 51. Qf2+ Kg5 52. Qf5+ 1/2-1/2


[Site "https://www.chess.com"]

[Event "Titled Tuesday Blitz July 4 Late 2023"]
[White "Aldokhin, Ivan"]
[Black "Zhang, Derek"]
[WhiteFideId "24115720"]
[BlackFideId "2087871"]
[WhiteElo "2660"]
[BlackElo "2504"]
[Result "1-0"]
[Round "4"]
[TimeControl "180+2"]
[Date "2023.07.04"]
[WhiteClock "0:00:03"]
[BlackClock "0:00:00"]
[Board "60"]

1. e4 e6 2. d4 d5 3. Nc3 Bb4 4. Ne2 dxe4 5. a3 Bxc3+ 6. Nxc3 Nc6 7. Bb5 Ne7 8. Nxe4 O-O 9. c3 e5 10. O-O exd4 11. Qc2 Bf5 12. Rd1 Qd5 13. Bd3 Rad8 14. c4 Qd7 15. Bf4 Bxe4 16. Bxe4 Ng6 17. Bg3 Kh8 18. Bf5 Qe7 19. Re1 Qg5 20. Bxc7 Rde8 21. Bd7 Rxe1+ 22. Rxe1 Nf4 23. Qe4 Ne6 24. Bd6 Rd8 25. Bxe6 fxe6 26. Qxe6 h6 27. c5 d3 28. Qe3 Qg6 29. Rd1 Re8 30. Qg3 Qe4 31. h3 Nd4 32. Qxd3 1-0


[Site "https://www.chess.com"]

[Event "Titled Tuesday Blitz July 4 Late 2023"]
[White "Estrada Nieto, Julian"]
[Black "Andrej2004"]
[WhiteFideId "5101018"]
[WhiteElo "2560"]
[BlackElo "2660"]
[Result "0-1"]
[Round "4"]
[TimeControl "180+2"]
[Date "2023.07.04"]
[WhiteClock "0:00:00"]
[BlackClock "0:00:46"]
[Board "61"]

1. e4 b6 2. d4 Bb7 3. Nc3 g6 4. Nf3 d6 5. Bc4 h6 6. O-O Bg7 7. Qe2 e5 8. dxe5 dxe5 9. Rd1 Qe7 10. Nd5 Bxd5 11. Bxd5 c6 12. Bb3 Nf6 13. a4 O-O 14. a5 Nbd7 15. Nh4 Kh7 16. axb6 axb6 17. Rxa8 Rxa8 18. Qc4 Ng4 19. g3 Rf8 20. Qxc6 Nc5 21. f3 Nxb3 22. cxb3 Nf6 23. Qxb6 Rc8 24. Be3 Rc2 25. Rd2 Rc1+ 26. Kg2 Nh5 27. Qd6 Qb7 28. Qd5 Qa6 29. Qd3 Qa1 30. Rc2 Rd1 31. Qe2 Bf6 32. Rc7 Bxh4 33. gxh4 Kg7 34. Kh3 Rg1 35. Qc4 Qf1+ 36. Qxf1 Rxf1 37. Kg2 Re1 38. Rc6 Rxe3 39. Kf2 Rxb3 40. Rc5 Nf4 41. Rxe5 Nd3+ 42. Kg3 Nxe5 43. h5 Rxf3+ 44. Kg2 gxh5 45. h4 Rb3 46. Kf2 Kf6 47. Ke2 Rxb2+ 48. Ke3 Rb4 49. Kf4 Rxe4+ 50. Kxe4 Ng6 0-1


[Site "https://www.chess.com"]

[Event "Titled Tuesday Blitz July 4 Late 2023"]
[White "Martinez Reyes, Pedro Ramon"]
[Black "Guerra Tulcan, Lenin"]
[WhiteFideId "3901807"]
[BlackFideId "3601382"]
[WhiteElo "2501"]
[BlackElo "2653"]
[Result "0-1"]
[Round "4"]
[TimeControl "180+2"]
[Date "2023.07.04"]
[WhiteClock "0:00:19"]
[BlackClock "0:00:09"]
[Board "62"]

1. e4 c5 2. b3 Nc6 3. Bb2 e6 4. Nf3 Nf6 5. e5 Nd5 6. Nc3 Nxc3 7. dxc3 d5 8. Bd3 Be7 9. O-O O-O 10. c4 d4 11. a3 Qc7 12. Qe2 f5 13. exf6 Bxf6 14. Rae1 Bd7 15. Qe4 g6 16. Bc1 e5 17. Bh6 Rfe8 18. Qd5+ Be6 19. Qxc5 a6 20. Bg5 b6 21. Qxc6 Qxc6 22. Bxf6 Bg4 23. Nxe5 Qxf6 24. Nxg4 Qf4 25. h3 Rxe1 26. Rxe1 h5 27. Nh2 Kf7 28. Re4 Qc1+ 29. Nf1 Rd8 30. a4 Kf6 31. h4 g5 32. g3 Rd6 33. Kg2 g4 34. Rf4+ Kg7 35. Re4 Rf6 36. Re7+ Kg8 37. Re2 Kf7 38. Nd2 Qd1 39. Ne4 Rf3 40. Ng5+ Kf6 41. Nxf3 gxf3+ 42. Kxf3 Qh1+ 43. Kf4 Qh3 44. f3 Qd7 45. Rh2 Qd6+ 46. Ke4 Qe5# 0-1


[Site "https://www.chess.com"]

[Event "Titled Tuesday Blitz July 4 Late 2023"]
[White "only_strong_moves"]
[Black "MKlose11"]
[WhiteElo "2498"]
[BlackElo "2650"]
[Result "0-1"]
[Round "4"]
[TimeControl "180+2"]
[Date "2023.07.04"]
[WhiteClock "0:00:09"]
[BlackClock "0:00:49"]
[Board "63"]

1. e4 e6 2. d4 d5 3. Nd2 Be7 4. Ngf3 Nf6 5. e5 Nfd7 6. Bd3 c5 7. c3 Nc6 8. O-O a5 9. h3 cxd4 10. cxd4 Qb6 11. Qa4 Qb4 12. Qxb4 Nxb4 13. Bb1 b6 14. a3 Nc6 15. Re1 Ba6 16. Nf1 O-O 17. Bd2 Rac8 18. Bc3 Na7 19. Ne3 Nb5 20. Bd3 Nb8 21. Rec1 Nxc3 22. Bxa6 Nxa6 23. Rxc3 Rxc3 24. bxc3 b5 25. Rb1 Rb8 26. Nc2 h6 27. Nd2 Rc8 28. Rxb5 Rxc3 29. Ne3 Rxa3 30. Rb6 Nb4 31. Rb8+ Kh7 32. Ra8 Bg5 33. Nf3 Bxe3 34. fxe3 Ra1+ 35. Kh2 a4 36. e4 a3 37. exd5 Nxd5 38. Nd2 Nb4 39. Nc4 a2 40. Nb6 Rd1 41. Nd7 h5 42. Nf8+ Kh6 43. Nd7 a1=Q 44. Rh8+ Kg5 45. Nf8 Rh1+ 0-1


[Site "https://www.chess.com"]

[Event "Titled Tuesday Blitz July 4 Late 2023"]
[White "Hilary46"]
[Black "Mattheii"]
[WhiteElo "2646"]
[BlackElo "2504"]
[Result "0-1"]
[Round "4"]
[TimeControl "180+2"]
[Date "2023.07.04"]
[WhiteClock "0:01:25"]
[BlackClock "0:00:17"]
[Board "64"]

1. e4 c5 2. Nf3 Nc6 3. d4 cxd4 4. Nxd4 Nf6 5. Nc3 d6 6. Bg5 e6 7. Qd2 a6 8. O-O-O Bd7 9. f4 Be7 10. Nf3 b5 11. Bxf6 gxf6 12. f5 Qb6 13. Bd3 O-O-O 14. Rhe1 h5 15. Kb1 Kb8 16. Ne2 Rhg8 17. Nf4 Rh8 18. Bf1 Rdg8 19. Nd4 Nxd4 20. Qxd4 Qxd4 21. Rxd4 e5 22. Nd5 exd4 23. Nxe7 Re8 24. Nd5 Bxf5 25. Bd3 Bg6 26. a4 f5 27. axb5 fxe4 28. Bc4 axb5 29. Bxb5 Re5 30. Bc4 Rc8 31. b3 e3 32. Kb2 Rxd5 33. Bxd5 Rxc2+ 34. Ka3 e2 35. Kb4 d3 36. Bf3 Kc7 37. Ra1 Kd7 38. h4 Ke6 39. g4 hxg4 40. Bxg4+ Ke5 41. h5 Bh7 42. h6 Kf4 43. Bh5 Ke3 44. Ra7 Kd2 45. Rxf7 e1=Q 46. Bf3 Kc1+ 47. Kb5 Qc3 48. b4 Qc4+ 49. Ka5 Qxf7 0-1


[Site "https://www.chess.com"]

[Event "Titled Tuesday Blitz July 4 Late 2023"]
[White "Ganiev, Roman"]
[Black "Dixit, Nikhil"]
[WhiteFideId "4131452"]
[BlackFideId "5059534"]
[WhiteElo "2636"]
[BlackElo "2493"]
[Result "0-1"]
[Round "4"]
[TimeControl "180+2"]
[Date "2023.07.04"]
[WhiteClock "0:01:16"]
[BlackClock "0:01:19"]
[Board "65"]

1. e4 c5 2. Nf3 Nc6 3. Bb5 e6 4. Bxc6 bxc6 5. d3 Ne7 6. Ng5 Ng6 7. O-O Be7 8. Nh3 O-O 9. f4 f5 10. Nc3 d5 11. Bd2 Rb8 12. b3 c4 13. bxc4 dxc4 14. dxc4 Qd4+ 15. Nf2 Rd8 16. Be1 Qxc4 17. Qf3 Bc5 18. Rd1 Ba6 19. Rd3 Rxd3 20. cxd3 Qxd3 21. Qxd3 Bxd3 22. exf5 exf5 23. Na4 Be3 24. Bd2 Bxf2+ 25. Kxf2 Bxf1 26. Kxf1 Nxf4 27. Bxf4 Rb4 28. Bd6 Rxa4 29. a3 Rd4 30. Bc5 Rd5 31. Bxa7 Ra5 32. Bb6 Rxa3 33. Kf2 Rb3 34. Bc5 Rb5 35. Bd6 Rd5 36. Be7 Kf7 0-1


[Site "https://www.chess.com"]

[Event "Titled Tuesday Blitz July 4 Late 2023"]
[White "Skatchkov, Valery"]
[Black "Hamitevici, Vladimir"]
[WhiteFideId "24195812"]
[BlackFideId "13902393"]
[WhiteElo "2630"]
[BlackElo "2504"]
[Result "1-0"]
[Round "4"]
[TimeControl "180+2"]
[Date "2023.07.04"]
[WhiteClock "0:01:30"]
[BlackClock "0:00:01"]
[Board "66"]

1. d4 Nf6 2. c4 b6 3. Nf3 Bb7 4. g3 g6 5. Bg2 Bg7 6. O-O O-O 7. d5 Ne4 8. Qc2 f5 9. Nbd2 Nxd2 10. Bxd2 Na6 11. Bc3 Nc5 12. Rad1 a5 13. Bxg7 Kxg7 14. Nd4 Qe8 15. h4 Qf7 16. b3 Qf6 17. a3 e5 18. Nb5 Na6 19. e3 d6 20. Qd2 Bc8 21. b4 axb4 22. axb4 Bd7 23. Na3 f4 24. exf4 exf4 25. Rfe1 f3 26. Bf1 Rae8 27. Nc2 Ba4 28. c5 Bxc2 29. Bxa6 Bxd1 30. Rxd1 bxc5 31. bxc5 dxc5 32. Bb5 Re4 33. Qc2 Qe7 34. Kh2 Re2 35. Qc3+ Kg8 36. Kg1 Re8 37. d6 Re1+ 38. Kh2 cxd6 39. Bc4+ Re6 40. Re1 Qf7 41. Qb3 d5 42. Bxd5 Rxe1 43. Bxf7+ Kg7 44. Bxe8 1-0


[Site "https://www.chess.com"]

[Event "Titled Tuesday Blitz July 4 Late 2023"]
[White "Erzhanov, Arman"]
[Black "Domingo Nunez, Ruben"]
[WhiteFideId "4138821"]
[BlackFideId "22245570"]
[WhiteElo "2487"]
[BlackElo "2618"]
[Result "0-1"]
[Round "4"]
[TimeControl "180+2"]
[Date "2023.07.04"]
[WhiteClock "0:00:04"]
[BlackClock "0:00:04"]
[Board "67"]

1. e4 g6 2. d4 Bg7 3. Nc3 c6 4. Nf3 d5 5. h3 dxe4 6. Nxe4 Nf6 7. Nxf6+ exf6 8. Bd3 O-O 9. O-O a5 10. Re1 Na6 11. c3 Nc7 12. Bf4 Nd5 13. Bh2 Be6 14. Nd2 Qd7 15. Ne4 b6 16. Qf3 Rfd8 17. Re2 Bf5 18. Rae1 h5 19. Nd6 Bxd3 20. Qxd3 Bf8 21. Ne4 Kg7 22. Qf3 f5 23. Nd2 Re8 24. Nc4 f6 25. Ne3 Re4 26. Nc2 Rxe2 27. Qxe2 Kf7 28. Kf1 Bd6 29. Bxd6 Qxd6 30. Kg1 Nf4 31. Qf3 g5 32. h4 Re8 33. Rxe8 Kxe8 34. g3 Qd5 35. Qe3+ Ne6 36. b3 f4 37. gxf4 gxf4 38. Qe2 Qf5 39. Ne1 Kf7 40. Qf3 Qg4+ 41. Kf1 Nd8 42. Qe4 Qh3+ 43. Ke2 Qxh4 44. Qh7+ Ke8 45. Nf3 Qg4 46. Qh8+ Kd7 47. Qh7+ Kc8 48. Qe7 Qf5 49. Qf8 Qe4+ 50. Kf1 Qxf3 51. Qxf6 Qd1+ 52. Kg2 Qg4+ 53. Kf1 f3 54. c4 Qg2+ 55. Ke1 Qg1+ 56. Kd2 Qxf2+ 57. Kc3 Qe3+ 58. Kb2 f2 59. Qf5+ Kc7 60. d5 Qe2+ 61. Ka3 f1=Q 62. d6+ Kxd6 63. Qg6+ Qe6 64. Qd3+ Qxd3 65. c5+ Kd7 66. cxb6 Qed6+ 67. Ka4 Qb4# 0-1


[Site "https://www.chess.com"]

[Event "Titled Tuesday Blitz July 4 Late 2023"]
[White "Molenda, Marcin"]
[Black "Filgueira, Hernan"]
[WhiteFideId "1173065"]
[BlackFideId "101770"]
[WhiteElo "2484"]
[BlackElo "2615"]
[Result "1-0"]
[Round "4"]
[TimeControl "180+2"]
[Date "2023.07.04"]
[WhiteClock "0:00:17"]
[BlackClock "0:00:05"]
[Board "68"]

1. e4 d5 2. exd5 Qxd5 3. Nc3 Qd6 4. d4 c6 5. g3 Nf6 6. Bg2 Bf5 7. Nf3 e6 8. O-O Be7 9. Bf4 Qb4 10. Rb1 Nbd7 11. Bc7 Bd8 12. a3 Qe7 13. Bxd8 Rxd8 14. Qe2 O-O 15. h3 h6 16. Rbd1 Rfe8 17. Rfe1 Qd6 18. Ne5 Qc7 19. g4 Bh7 20. f4 Nd5 21. Qf2 f6 22. Nxd7 Qxd7 23. Ne4 b6 24. c4 Ne7 25. Ng3 Kh8 26. Qf3 Bg8 27. Nh5 b5 28. b3 Bf7 29. g5 Bxh5 30. Qxh5 Ng8 31. Be4 f5 32. Bg2 Qc7 33. d5 Qxf4 34. gxh6 Nxh6 35. dxe6 Kh7 36. Rxd8 Rxd8 37. e7 Qd4+ 38. Kh1 Rg8 39. e8=Q Rxe8 40. Qxe8 bxc4 41. bxc4 Qxc4 42. Qe6 Qc3 43. Rf1 c5 44. Bd5 Qxh3+ 45. Kg1 Qg3+ 46. Bg2 Ng4 47. Qxf5+ g6 48. Qf7+ Kh6 49. Qf4+ Qxf4 50. Rxf4 Ne5 51. Ra4 1-0


[Site "https://www.chess.com"]